 Dungeon Crawl Stone Soup version 0.30.0-30-g96aa6591b8 (webtiles) character file.

Game seed: 18415135432323729854

8602 Fecro the Covert (level 11, -5/53 HPs)
             Began as a Spriggan Brigand on June 26, 2023.
             Was a Priest of Dithmenos.
             Slain by a boulder beetle (58 damage)
             ... on level 2 of the Lair of Beasts on June 27, 2023.
             The game lasted 00:59:12 (13399 turns).

Fecro the Covert (Spriggan Brigand)                Turns: 13399, Time: 00:59:13

Health: -5/53      AC:  9    Str: 10    XL:     11   Next: 12%
Magic:  20/20      EV: 28    Int: 12    God:    Dithmenos [***...]
Gold:   714        SH:  0    Dex: 29    Spells: 21/21 levels left

rFire   . . .        f - +0 shortbow
rCold   . . .        (shield currently unavailable)
rNeg    + . .        b - +2 robe {rN+}
rPois   .            (helmet restricted)
rElec   .            c - +0 cloak
rCorr   .            (gloves unavailable)
SInv    +            (boots unavailable)
Will    +....        j - amulet "Geathr Baji" {Faith Harm Fragile Str+3 Dex+7}
Stlth   +++++++++    w - ring of flight
HPRegen 0.28/turn    q - +4 ring of protection
MPRegen 0.17/turn

%: harm (+30% outgoing, +20% incoming), faith
@: flying, wreathed by umbra, very quick
A: very small, no large weapons, unfitting armour, see invisible, speed 3
a: Renounce Religion, Shadow Step


You were on level 2 of the Lair of Beasts.
You worshipped Dithmenos.
Dithmenos was most pleased with you.
You visited 3 branches of the dungeon, and saw 11 of its levels.
You also visited: Sewer.

You collected 714 gold pieces.

Inventory:

Hand Weapons
 a - a +2 dagger
 f - a +0 shortbow (weapon)
Missiles
 d - 21 poisoned darts
 g - 86 stones
 z - a throwing net
 H - 3 boomerangs
Armour
 b - a +2 robe of positive energy (worn)
 c - a +0 cloak (worn)
 e - a +0 buckler
Jewellery
 i - a +6 ring of intelligence
 j - the amulet "Geathr Baji" (around neck) {Faith Harm Fragile Str+3 Dex+7}
   (You acquired it on level 7 of the Dungeon)

   [amulet of faith]

   It allows you to gain divine favour quickly.
   Str:       It affects your strength (+3).
   Dex:       It affects your dexterity (+7).
   Fragile:   It will be destroyed if unequipped.
   Harm:      It increases damage dealt and taken.
 q - a +4 ring of protection (right hand)
 w - a ring of flight (left hand)
Wands
 y - a wand of flame (48)
 L - a wand of mindburst (8)
 M - a wand of light (10)
Scrolls
 l - 4 scrolls of enchant weapon
 m - 3 scrolls of torment
 p - 2 scrolls of vulnerability {unknown}
 s - 7 scrolls of teleportation
 u - 3 scrolls of amnesia {unknown}
 v - 4 scrolls of immolation
 x - a scroll of noise {unknown}
 G - 2 scrolls of magic mapping {unknown}
 I - a scroll of enchant armour {unknown}
 K - a scroll of silence {unknown}
Potions
 h - 4 potions of cancellation
 k - 8 potions of curing
 n - 3 potions of might
 o - a potion of heal wounds {unknown}
 r - 3 potions of degeneration
 t - a potion of brilliance
 A - a potion of haste
 B - 2 potions of magic
 C - 4 potions of mutation
 D - a potion of experience
 E - a potion of invisibility {unknown}
 F - 2 potions of lignification
 J - a potion of resistance {unknown}


   Skills:
 + Level 4.2 Fighting
 + Level 6.2 Short Blades
 + Level 7.5 Ranged Weapons
 * Level 7.3 Throwing
 * Level 8.9 Dodging
 + Level 13.9 Stealth
 * Level 5.9 Spellcasting


You had 21 spell levels left.
You didn't know any spells.
Your spell library contained the following spells:

 Spells                   Type           Power      Damage    Failure   Level
 Freeze                   Ice            12%        1d3       19%         1
 Frozen Ramparts          Ice            6%         1d1       50%         3
 Hailstorm                Conj/Ice       3%         3d3       50%         3
 Ignite Poison            Fire/Tmut/Pois 3%         N/A       50%         3
 Sticky Flame             Conj/Fire      3%         2d3       88%         4
 Ignition                 Fire           1%         3d3       100%        8


Dungeon Overview and Level Annotations

Branches:
Dungeon (8/15)             Temple (1/1) D:5            Lair (2/5) D:8
  Sewer (visited)
  Swamp: Lair:2-3    Shoals: Lair:2-3     Snake: Lair:2-3    Spider: Lair:2-3

Altars:
Ashenzari
Dithmenos
Elyvilon
Fedhas
Gozag
Hepliaklqana
Kikubaaqudgha
Makhleb
Nemelex Xobeh
Okawaru
Qazlal
Ru
Sif Muna
Trog
Uskayaw
Vehumet
Wu Jian
Xom
Yredelemnul
The Shining One

Shops:
D:5 =

Annotations:
D:7 3 runed translucent doors, viagra's ghost, novice MiBe


Innate Abilities, Weirdness & Mutations

You are very small and have problems with some larger weapons.
You are too small for most types of armour.
You have supernaturally acute eyesight. (SInv)
You cover ground extremely quickly. (Speed+++)


Message History

The floor.
You throw a poisoned dart.
The poisoned dart hits the boulder beetle.
The boulder beetle is poisoned.
You throw a poisoned dart.
The poisoned dart hits the boulder beetle!
The boulder beetle looks even sicker.
The boulder beetle is lightly wounded.
f - a +0 shortbow (weapon)
The boulder beetle curls into a ball and begins rolling!
You shoot an arrow. The arrow hits the boulder beetle!
The boulder beetle is moderately wounded.
The boulder beetle attacks as you move away!
The boulder beetle completely misses you.
The boulder beetle stops rolling and uncurls.
You shoot an arrow.
The arrow hits the boulder beetle but does no damage.
The boulder beetle is almost dead.
The boulder beetle curls into a ball and begins rolling!
The boulder beetle attacks as you move away!
The boulder beetle closely misses you.
The boulder beetle stops rolling and uncurls.
The boulder beetle looks more healthy.
The boulder beetle leaps!
A wolf comes into view.
A wolf comes into view. x2
There is a stone staircase leading up here.
The boulder beetle curls into a ball and begins rolling!
You shoot an arrow. The arrow hits the boulder beetle.
The boulder beetle is almost dead.
You shoot an arrow.
The arrow hits the boulder beetle but does no damage.
The boulder beetle is almost dead.
You shoot an arrow.
The arrow hits the boulder beetle but does no damage.
The boulder beetle is almost dead.
The boulder beetle attacks as you move away!
The boulder beetle hits you!!!
Ouch! That really hurt!
You die...

..#.#+.##.....h##..#####.
...............(.<.##..P.
.........................
...............(.........
#.........................
#.........................
#.......<.................
#.........................
#.###.#..@.......#.#..##..
#.##..##..B......####.#...
#.#.....#..°....#.....##..
#........#..°...##....##..
###.......##...°..##B.......
#....P............#..##.##..
##P.##.##[##.......#.#..##..
##.#..####P................
#.........................


You could see a boulder beetle (rolling).

Vanquished Creatures
  A wolf spider zombie (D:8)
  5 centaur zombies (D:8)
  A centaur skeleton (D:8)
  A cane toad (Lair:1)
  A redback zombie (D:8)
  2 komodo dragons
  2 hellwings (D:7)
  2 hornets
  Sigmund (D:2)
  3 yaks (Lair:1)
  Eustachio (D:5)
  A steam dragon (D:5)
  3 basilisks (Lair:1)
  2 water moccasins
  A sky beast (D:7)
  2 orc warriors (D:7)
  An ice beast (D:5)
  3 centaurs
  5 wolves (Lair:1)
  A phantom (D:6)
  2 kobold brigands (Sewer)
  3 bullfrogs
  A gnoll sergeant (D:7)
  5 scorpions
  A howler monkey (D:7)
  2 jellies
  5 orc priests
  4 hounds
  3 iguanas
  A sleepcap (D:7)
  2 gnoll boudas
  Natasha (thrice) (D:2)
  7 orc wizards
  15 gnolls
  6 river rats
  13 adders
  4 shadow imps
  6 worms
  4 dart slugs (D:2)
  24 orcs
  6 endoplasms
  2 giant cockroaches
  12 hobgoblins
  6 quokkas
  14 ball pythons
  6 bats
  3 frilled lizards
  9 goblins
  20 kobolds
  23 rats
251 creatures vanquished.

Notes
Turn   | Place    | Note
-------+----------+-------------------------------------------
     0 | D:1      | Fecro the Spriggan Brigand began the quest for the Orb.
     0 | D:1      | Reached XP level 1. HP: 10/10 MP: 2/2
   182 | D:1      | Reached skill level 6 in Stealth
   391 | D:1      | Reached XP level 2. HP: 12/14 MP: 3/3
   853 | D:2      | Noticed Natasha
   857 | D:2      | Killed Natasha
   858 | D:2      | Reached skill level 7 in Stealth
   858 | D:2      | Reached XP level 3. HP: 18/18 MP: 4/4
  1142 | D:2      | Reached skill level 8 in Stealth
  1142 | D:2      | Reached XP level 4. HP: 17/22 MP: 5/5
  1161 | D:2      | Noticed Natasha
  1199 | D:2      | Noticed Sigmund
  1228 | D:2      | Killed Sigmund
  1229 | D:2      | Reached skill level 9 in Stealth
  1229 | D:2      | Reached XP level 5. HP: 26/26 MP: 6/6
  1450 | D:2      | Killed Natasha
  1451 | D:2      | Reached skill level 1 in Ranged Weapons
  1451 | D:2      | Reached XP level 6. HP: 25/30 MP: 7/7
  1581 | D:2      | Found a faded altar of an unknown god.
  1610 | D:2      | You fall into a shaft and drop 1 floor!
  1645 | D:3      | Found a shimmering blue altar of Sif Muna.
  1933 | D:2      | Noticed Natasha
  1939 | D:2      | Killed Natasha
  2423 | D:3      | Found an ornate altar of the Wu Jian Council.
  3170 | D:4      | Reached skill level 10 in Stealth
  3471 | D:5      | Entered Level 5 of the Dungeon
  3489 | D:5      | Found Gider's Jewellery Shop.
  3544 | D:5      | Reached XP level 7. HP: 25/35 MP: 8/8
  3643 | D:5      | Noticed Eustachio
  3648 | D:5      | Killed Eustachio
  3649 | D:5      | Reached skill level 11 in Stealth
  3767 | D:5      | Found a staircase to the Ecumenical Temple.
  3783 | Temple   | Entered the Ecumenical Temple
  3793 | Temple   | Became a worshipper of Dithmenos the Shadowed
  3848 | D:5      | Found a white marble altar of Elyvilon.
  4027 | D:5      | Found a glowing drain.
  4037 | Sewer    | Entered a sewer
  4483 | Sewer    | Reached * piety under Dithmenos
  4664 | Sewer    | Reached XP level 8. HP: 37/39 MP: 9/9
  4675 | Sewer    | Reached skill level 12 in Stealth
  5422 | D:6      | Reached ** piety under Dithmenos
  6559 | D:6      | Reached skill level 5 in Short Blades
  6692 | D:7      | Reached skill level 5 in Throwing
  6692 | D:7      | Reached skill level 13 in Stealth
  6928 | D:7      | Reached XP level 9. HP: 41/43 MP: 10/10
  7180 | D:7      | Found a flagged portal.
  7191 | D:7      | Reached skill level 1 in Spellcasting
  8350 | D:7      | Reached skill level 5 in Dodging
  8908 | D:7      | Found a runed translucent gate.
  8908 | D:7      | Found a runed translucent gate.
  8908 | D:7      | Found a runed translucent gate.
  8913 | D:7      | Noticed viagra's ghost (novice MiBe)
  9590 | D:8      | Found a staircase to the Lair.
  9596 | D:8      | Noticed a hellwing
  9628 | D:7      | Identified a scroll of acquirement
  9631 | D:7      | Acquired the amulet "Geathr Baji" {Faith Harm Fragile Str+3
                  | Dex+7}
  9795 | D:7      | Killed a hellwing
  9796 | D:7      | Reached skill level 5 in Ranged Weapons
  9962 | D:8      | Noticed a hellwing
 10528 | D:7      | Reached *** piety under Dithmenos
 10666 | D:7      | Killed a hellwing
 10667 | D:7      | Reached XP level 10. HP: 47/49 MP: 16/16
 11577 | D:8      | Reached skill level 5 in Spellcasting
 11925 | Lair:1   | Entered Level 1 of the Lair of Beasts
 12129 | Lair:1   | Found a glowing golden altar of the Shining One.
 12337 | Lair:1   | Noticed a cane toad
 12431 | Lair:1   | Killed a cane toad
 12606 | Lair:1   | Reached XP level 11. HP: 53/53 MP: 20/20
 13217 | Lair:2   | Reached **** piety under Dithmenos
 13350 | Lair:2   | Noticed a boulder beetle
 13399 | Lair:2   | Slain by a boulder beetle

Illustrated notes

Levels and vault maps discovered:
D:1:      dpeg_arrival_snail, layout_loops_ring, kennysheep_another_room,
          minivault_4, minmay_3d_cube
D:2:      minmay_chambers_of_twos, layout_basic,
          hellmonk_ecumenical_altar_leap_of_faith, uniq_natasha, uniq_sigmund
D:3:      layout_basic, mainiacjoe_overflow_six_doors_small,
          mainiacjoe_overflow_cross_hatched
D:4:      layout_basic
D:5:      layout_cave_pools, marbit_many_paths,
          minmay_temple_entry_glassed_door, serial_shops, kennysheep_mini,
          portal_sewer_entry_b, hex_medium, uniq_eustachio
D:6:      layout_layer_cave
D:7:      layout_loops_ring, enter_bailey_5, gammafunk_ghost_necromancy,
          nrook_loot_triangle, minmay_starry_boxes
D:8:      cheibrodos_grave_circle, layout_cave_pools, lair_entry_dummy
Temple:   sentei_temple_godly_chess
Lair:1:   layout_cellular_growth, basic_altar
Lair:2:   layout_regular_city, palyth_hydra_swamp_entry, dummy_spider_entry

Skill      XL: |  1  2  3  4  5  6  7  8  9 10 |
---------------+-------------------------------+-----
Stealth        | 6 7 8 9 10 11 13 | 13.9
Throwing       | 3 4 5 6 7 |  7.3
Ranged Weapons | 1 3 5 7 |  7.5
Dodging        | 2 3 4 6 8 |  8.9
Short Blades   | 3 4 5 6 |  6.2
Fighting       | 2 3 4 |  4.2
Spellcasting   | 3 5 |  5.9

Action                     |  1- 3 |  4- 6 |  7- 9 | 10-12 || total
---------------------------+-------+-------+-------+-------++-------
  Melee: Dagger            |    52 |   163 |   571 |   109 ||   895
         Punch             |       |     2 |    13 |     3 ||    18
   Fire: Sling             |     7 |    13 |       |       ||    20
         Shortbow          |       |       |   223 |   106 ||   329
  Throw: Dart              |     5 |    23 |    16 |    17 ||    61
         Boomerang         |       |       |    23 |     4 ||    27
 Invoke: Shadow Step       |       |       |     1 |       ||     1
    Use: Potion            |       |       |     1 |     1 ||     2
         Scroll            |       |       |    12 |     3 ||    15
   Stab: Sleeping          |     8 |    21 |    25 |     7 ||    61
         Distracted        |       |     1 |       |     2 ||     3
 Armour: Robe              |     3 |    22 |   111 |    28 ||   164
  Dodge: Dodged            |    35 |   104 |   516 |   166 ||   821
  Block: Buckler           |       |       |       |     1 ||     1
